 Dungeon Crawl Stone Soup version 0.28.0-49-g6dfe1f597d (webtiles) character file.

Game seed: 13551445266420848161

78458 Exodus22XD the Basher (level 15, 0/142 (144) HPs)
             Began as a Gargoyle Monk on May 15, 2022.
             Was an Elder of Qazlal.
             Killed by divine providence
             ... invoked by Saint Roka
              (14 damage)
             ... on level 2 of the Orcish Mines.
             The game lasted 00:46:17 (29193 turns).

Exodus22XD the Basher (Gargoyle Monk)              Turns: 29193, Time: 00:46:17

HP:   0/142 (144)   AC: 31    Str: 22    XL:     15   Next: 60%
MP:   21/25         EV:  8    Int: 11    God:    Qazlal [****..]
Gold: 3030          SH: 12    Dex: 12    Spells: 14/14 levels left

rFire   + . .      SeeInvis .   C - +3 flail (holy)
rCold   x . .      Faith    .   T - +0 buckler
rNeg    + . .      Spirit   .   q - +0 plate armour
rPois   ∞          Reflect  .   R - +1 hat {Will+}
rElec   +          Harm     .   B - +0 cloak
rCorr   .          Rampage  .   v - +0 pair of gloves
Will    ++...                   (no boots)
Stlth   ..........              c - amulet of magic regeneration
HPRegen 0.33/turn               I - +4 ring of slaying
MPRegen 0.59/turn               F - ring of fire

@: mighty, berserking, flying, lightly drained, repel missiles, very quick
A: sickness immunity, AC +11, big wings, negative energy resistance 1,
electricity resistance, torment resistance 1, petrification resistance
a: Renounce Religion, Upheaval, Elemental Force


You were on level 2 of the Orcish Mines.
You worshipped Qazlal.
Qazlal was greatly pleased with you.
You visited 4 branches of the dungeon, and saw 20 of its levels.
You also visited: Bailey.

You collected 3218 gold pieces.
You spent 188 gold pieces at shops.

Inventory:

Hand Weapons
 a - a +0 mace
 l - a +0 spear
 m - a +0 broad axe
 o - a +2 whip of venom
 C - a +3 flail of holy wrath (weapon)
 U - the +9 battleaxe of Tyhoun {pain, rC- Int+4 Dex+4 SInv}
   (You found it on level 6 of the Lair of Beasts)

   In the hands of one skilled in necromantic magic, it inflicts extra damage on
   living creatures.
   Int:       It affects your intelligence (+4).
   Dex:       It affects your dexterity (+4).
   rC:        It makes you vulnerable to cold.
   SInv:      It lets you see invisible.
Missiles
 w - 3 throwing nets (quivered)
Armour
 q - a +0 plate armour (worn)
 v - a +0 pair of gloves (worn)
 B - a +0 cloak (worn)
 R - a +1 hat of willpower (worn)
 T - a +0 buckler (worn)
Jewellery
 c - an amulet of magic regeneration (around neck)
 d - the ring "Ojuditeomu" {Ice rCorr Str+7 Int+3}
   (You took it off a kobold in a bailey)

   [ring of ice]

   It enhances your ice magic.
   Str:       It affects your strength (+7).
   Int:       It affects your intelligence (+3).
   rF:        It makes you vulnerable to fire.
   rC:        It protects you from cold.
   rCorr:     It protects you from acid and corrosion.
 k - a ring of magical power
 F - a ring of fire (right hand)
 I - a +4 ring of slaying (left hand)
Wands
 s - a wand of polymorph (8)
 D - a wand of paralysis (14)
 G - a wand of digging (14)
 H - a wand of flame (16)
 K - a wand of mindburst (7)
 L - a wand of iceblast (7)
 Q - a wand of acid (14)
Scrolls
 e - 2 scrolls of blinking
 f - 2 scrolls of magic mapping
 h - 7 scrolls of teleportation
 j - 2 scrolls of holy word
 n - 2 scrolls of immolation
 p - a scroll of fear
 t - 5 scrolls of enchant weapon
 y - 2 scrolls of fog
 z - 4 scrolls of enchant armour
 J - a scroll of torment
 V - a scroll of vulnerability
Potions
 b - a potion of cancellation
 g - 10 potions of curing
 r - 3 potions of might
 x - 4 potions of mutation
 A - 6 potions of flight
 E - 4 potions of ambrosia {unknown}
 M - a potion of resistance
 O - 2 potions of haste {unknown}
 P - a potion of invisibility


   Skills:
 + Level 12.0 Fighting
 + Level 14.3 Maces & Flails
 + Level 13.9 Armour
 - Level 3.2 Dodging
 - Level 2.5 Stealth
 + Level 12.5 Shields
 + Level 0.3 Unarmed Combat
 * Level 13.7 Invocations


You had 14 spell levels left.
You didn't know any spells.
Your spell library contained the following spells:

 Spells                   Type           Power      Damage    Failure   Level
 Apportation              Tloc           0%         N/A       99%         1
 Sting                    Tmut/Pois      0%         1d3       99%         1
 Corpse Rot               Necr/Air       0%         N/A       99%         2
 Ensorcelled Hibernation  Hex/Ice        0%         N/A       99%         2
 Poisonous Vapours        Pois/Air       0%         N/A       99%         2
 Ozocubu's Armour         Ice            0%         N/A       100%        3
 Spider Form              Tmut/Pois      0%         N/A       100%        3
 Stone Arrow              Conj/Erth      0%         3d7       100%        3
 Tukima's Dance           Hex            0%         N/A       100%        3
 Anguish                  Hex/Necr       0%         N/A       100%        4
 Animate Armour           Summ/Erth      0%         N/A       100%        4
 Olgreb's Toxic Radiance  Pois           0%         N/A       100%        4
 Alistair's Intoxication  Tmut/Pois      0%         N/A       100%        5
 Metabolic Englaciation   Hex/Ice        0%         N/A       100%        5
 Simulacrum               Ice/Necr       0%         N/A       100%        6
 Enfeeble                 Hex            0%         N/A       100%        7
 Ozocubu's Refrigeration  Ice            0%         4d5       100%        7
 Ignition                 Fire           0%         3d3       100%        8
 Lehudib's Crystal Spear  Conj/Erth      0%         10d2      100%        8


Dungeon Overview and Level Annotations

Branches:
Dungeon (11/15)            Temple (0/1) D:7            Lair (6/6) D:10
  Swamp (0/4) Lair:3       Spider (1/4) Lair:4        Slime (0/5) Lair:6
    Orc (2/2) D:10            Elf (0/3) Orc:2        Bailey (visited)

Altars:
Ashenzari
Cheibriados
Dithmenos
Nemelex Xobeh
Qazlal
Sif Muna
Vehumet
Wu Jian
Xom
Zin

Shops:
D:3 (   Orc:1 :

Annotations:
Orc:2 Saint Roka


Innate Abilities, Weirdness & Mutations

You are immune to sickness and miasma.
Your stone body is resilient. (AC +11)
You are immune to poison.
Your large and strong wings let you fly.
You resist negative energy. (rN+)
You are resistant to electric shocks. (rElec)
You are resistant to unholy torment.
You are immune to petrification.


Message History

The orc closely misses you.
You bludgeon Saint Roka!!
Saint Roka is severely wounded.
Saint Roka hits you but does no damage.
A red film seems to cover your vision as you go berserk!
You feel yourself moving faster!
You feel mighty! You block the orc's attack.
Saint Roka hits you with a +0 long sword.
* * * LOW HITPOINT WARNING * * *
You completely miss Saint Roka.
Saint Roka is severely wounded.
You hear a howl!
You block the orc wizard's attack. You block the orc's attack.
You bludgeon Saint Roka!!
Saint Roka is almost dead.
Saint Roka mumbles some strange prayers to Beogh against you.
Beogh smites you!
* * * LOW HITPOINT WARNING * * *
You thump Saint Roka!
Saint Roka is almost dead.
The orc wizard no longer looks unusually strong.
The orc wizard suddenly curses.
The orc wizard hits you but does no damage.
The orc barely misses you.
A warg comes into view.
You sock Saint Roka!
Saint Roka is almost dead.
You hear a shout!
Saint Roka hits you with a +0 long sword!
* * * LOW HITPOINT WARNING * * *
You hit Saint Roka but do no damage.
Saint Roka is almost dead.
You block the orc's attack.
The orc wizard gestures wildly while chanting.
The orc wizard flickers and vanishes!
Deactivating autopickup; reactivate with Ctrl-A.
You thump Saint Roka!
Saint Roka is almost dead.
Saint Roka mumbles some strange prayers to Beogh against you.
Beogh smites you!
You die...

#.....).))(........#..####
##....)[)[.........#....#.##
#.....[<<[........)#.......##
#......[)[[[.)[..............
#..................o..))...#
##..........h...oooo..[)..##
##..#.###.#.§###########.##
#..........o{# .#
##..#.....)o@# o.
#.........○§°# o##
##.........[<# o#
##.#.##..^.### o#
#.....###.## .# #....## ###
##.#.### ##....## #.....#


You could see Saint Roka, a warg and an orc (strong).

Vanquished Creatures
  Gastronok (Lair:2)
  Snorg (Orc:2)
  An ice dragon (Lair:6)
  Fannar (Lair:2)
  6 hydras
  4 boulder beetles
  2 catoblepae
  A centaur warrior (D:11)
  A two-headed ogre (D:10)
  4 death yaks
  3 orc high priests (Orc:2)
  4 lindwurms
  2 bog bodies (Lair:3)
  4 orc sorcerers (Orc:2)
  3 wolf spiders (Spider:1)
  An orc knight (Orc:2)
  An oklob plant (Orc:1)
  2 manticores (Lair:6)
  3 cyclopes
  9 black mambas
  12 elephants
  9 cane toads
  6 torpor snails (Lair:6)
  A kobold demonologist (D:9)
  11 komodo dragons
  An unseen horror (D:10)
  A demonic crawler (Lair:4)
  2 rime drakes (Lair:6)
  4 polar bears
  4 tyrant leeches (Lair:6)
  6 hornets (Lair:6)
  The ghost of Artemis2 the Conjurer, an amateur DrCj (D:3)
  The ghost of Name63 the Magician, an amateur GnWz (D:3)
  21 blink frogs
  10 dream sheep
  A jumping spider (Lair:4)
  3 wraiths
  5 wyverns
  The ghost of Peloso the Covered, an amateur MiFi (D:3)
  54 yaks
  A steam dragon (D:6)
  7 basilisks
  An acid dragon (D:10)
  21 water moccasins
  A sky beast (D:6)
  3 ice beasts
  19 orc warriors
  11 wolves
  4 black bears
  7 centaurs
  9 ogres
  2 phantoms
  3 kobold brigands
  16 bullfrogs
  A gnoll sergeant (D:7)
  2 scorpions
  2 wyvern zombies (D:9)
  3 killer bees (D:8)
  4 wights (D:8)
  10 howler monkeys
  3 electric eels
  4 centaur zombies
  A bullfrog zombie (D:6)
  A bullfrog skeleton (D:7)
  4 jellies
  12 orc priests
  3 hounds
  A centaur skeleton (D:7)
  Ijyb (D:4)
  Natasha (twice) (D:3)
  5 iguanas
  10 orc wizards
  A killer bee zombie (D:7)
  Robin (D:4)
  10 gnolls
  4 adders
  A worm (D:2)
  3 dart slugs
  49 orcs
  7 endoplasms
  4 giant cockroaches
  21 goblins
  8 hobgoblins
  6 jackals
  29 kobolds
  6 quokkas
  5 ball pythons
  3 bats
  6 frilled lizards
  6 rats
552 creatures vanquished.

Vanquished Creatures (collateral kills)
  Erolcha (Orc:2)
  A hydra (Lair:5)
  5 death yaks
  4 orc knights
  2 orc sorcerers (Orc:2)
  2 elephants (Lair:6)
  A komodo dragon (Lair:6)
  A troll (Orc:2)
  7 yaks
  2 water moccasins
  6 orc warriors
  An ogre (Orc:2)
  A centaur (D:8)
  3 orc priests (Orc:2)
  An orc wizard (Orc:2)
  A howler monkey zombie (D:8)
  3 gnolls
  5 orcs
  A goblin (D:8)
  A hobgoblin (Bailey)
49 creatures vanquished.

Vanquished Creatures (others)
  An orc wizard (Orc:2)
  A bush (Lair:5)
  24 fungi
  34 plants
60 creatures vanquished.

Grand Total: 661 creatures vanquished

Notes
Turn   | Place    | Note
-------+----------+-------------------------------------------
     0 | D:1      | Exodus22XD the Gargoyle Monk began the quest for the Orb.
     0 | D:1      | Reached XP level 1. HP: 14/14 MP: 1/1
   180 | D:1      | Reached XP level 2. HP: 15/19 MP: 2/2
   792 | D:1      | Reached XP level 3. HP: 23/23 MP: 3/3
   813 | D:1      | Found a faded altar of an unknown god.
   817 | D:1      | Prayed at the altar of an unknown god.
   817 | D:1      | Became a worshipper of Qazlal Stormbringer
   817 | D:1      | Reached * piety under Qazlal
   817 | D:1      | Reached ** piety under Qazlal
  1667 | D:2      | Reached *** piety under Qazlal
  1910 | D:2      | Reached XP level 4. HP: 22/29 MP: 4/4
  2060 | D:2      | Reached skill level 4 in Maces & Flails
  2453 | D:3      | Found a stormy altar of Qazlal.
  2790 | D:3      | Found a runed translucent gate.
  2791 | D:3      | Found a runed translucent gate.
  2791 | D:3      | Found a runed translucent gate.
  2886 | D:3      | Found Cosiech's Antique Weapon Shoppe.
  2892 | D:3      | Reached skill level 1 in Invocations
  2934 | D:3      | Noticed Natasha
  2942 | D:3      | Killed Natasha
  2943 | D:3      | Reached XP level 5. HP: 26/33 MP: 5/5
  3063 | D:3      | Noticed Artemis2's ghost (amateur DrCj)
  3063 | D:3      | Noticed Peloso's ghost (amateur MiFi)
  3063 | D:3      | Noticed Name63's ghost (amateur GnWz)
  3117 | D:3      | Noticed Natasha
  3123 | D:3      | Killed Natasha
  3548 | D:4      | Noticed a phantom
  3552 | D:4      | Reached skill level 1 in Armour
  3552 | D:4      | Reached XP level 6. HP: 38/38 MP: 7/7
  3573 | D:4      | Reached skill level 5 in Maces & Flails
  3573 | D:4      | Reached skill level 1 in Shields
  4202 | D:4      | Noticed Robin
  4202 | D:4      | Noticed Ijyb
  4206 | D:4      | Reached **** piety under Qazlal
  4467 | D:4      | Killed Robin
  4522 | D:4      | Killed Ijyb
  4523 | D:4      | Reached XP level 7. HP: 33/43 MP: 8/8
  4762 | D:5      | Entered Level 5 of the Dungeon
  5386 | D:5      | Reached XP level 8. HP: 31/48 MP: 9/11
  5677 | D:6      | Reached skill level 6 in Maces & Flails
  6304 | D:6      | You fall into a shaft and drop 1 floor!
  6305 | D:7      | Found a staircase to the Ecumenical Temple.
  6526 | D:6      | Found a snail-covered altar of Cheibriados.
  6737 | D:7      | Reached skill level 5 in Fighting
  6737 | D:7      | Reached skill level 5 in Invocations
  6771 | D:7      | Reached skill level 5 in Armour
  6795 | D:7      | Reached skill level 7 in Maces & Flails
  7084 | D:7      | Reached XP level 9. HP: 54/54 MP: 12/12
  7854 | D:7      | Found a sparkling altar of Nemelex Xobeh.
  8247 | D:8      | Reached skill level 8 in Maces & Flails
  8250 | D:8      | Reached ***** piety under Qazlal
  8304 | D:8      | Reached XP level 10. HP: 31/60 MP: 9/14
  8324 | D:8      | HP: 3/60 [wight/+0 spear (2)]
  8338 | D:8      | Reached skill level 9 in Maces & Flails
  8435 | D:8      | HP: 2/61 [orc warrior/+0 flail (7)]
  8453 | D:8      | Found a shimmering altar of Xom.
  8455 | D:8      | Found a shadowy altar of Dithmenos.
  8489 | D:8      | Found a flagged portal.
  8494 | Bailey   | Entered a bailey
  8759 | Bailey   | Identified the ring "Ojuditeomu" {Ice rCorr Str+7 Int+3}
  9403 | D:8      | Found a radiant altar of Vehumet.
  9868 | D:9      | Reached skill level 5 in Shields
 10188 | D:9      | Noticed a kobold demonologist
 10225 | D:9      | Killed a kobold demonologist
 10369 | D:9      | Found a shimmering blue altar of Sif Muna.
 10424 | D:9      | Found a broken altar of Ashenzari.
 10600 | D:9      | Found an ornate altar of the Wu Jian Council.
 10898 | D:10     | Entered Level 10 of the Dungeon
 10992 | D:10     | Noticed a two-headed ogre
 11022 | D:10     | Killed a two-headed ogre
 11023 | D:10     | Reached skill level 10 in Maces & Flails
 11023 | D:10     | Reached XP level 11. HP: 10/67 MP: 16/16
 11534 | D:10     | Found a glowing silver altar of Zin.
 11671 | D:10     | Found a staircase to the Orcish Mines.
 12181 | D:10     | Found a staircase to the Lair.
 12566 | D:11     | Noticed a boulder beetle
 12582 | D:11     | Killed a boulder beetle
 12606 | D:11     | Noticed a cyclops
 12883 | D:11     | Killed a cyclops
 13515 | D:11     | Noticed a centaur warrior
 13530 | D:11     | Killed a centaur warrior
 13789 | Lair:1   | Entered Level 1 of the Lair of Beasts
 13825 | Lair:1   | Found a shimmering altar of Xom.
 13936 | Lair:1   | Reached skill level 11 in Maces & Flails
 14251 | Lair:1   | Reached XP level 12. HP: 61/73 MP: 18/18
 14279 | Lair:1   | Reached skill level 10 in Armour
 15348 | Lair:2   | Noticed Fannar
 15367 | Lair:2   | Killed Fannar
 15766 | Lair:2   | Reached skill level 10 in Invocations
 15783 | Lair:2   | Reached skill level 12 in Maces & Flails
 16248 | Lair:2   | Noticed Gastronok
 16272 | Lair:2   | Killed Gastronok
 16902 | Lair:3   | Reached XP level 13. HP: 52/80 MP: 20/20
 17097 | Lair:3   | Reached ****** piety under Qazlal
 17106 | Lair:3   | Found a staircase to the Swamp.
 18646 | Lair:4   | Reached skill level 10 in Fighting
 19268 | Lair:4   | Found a hole to the Spider Nest.
 20250 | D:3      | Bought a runed flail for 188 gold pieces
 20301 | D:3      | Killed Peloso's ghost
 20303 | D:3      | Killed Name63's ghost
 20308 | D:3      | Killed Artemis2's ghost
 21008 | Lair:5   | Reached skill level 13 in Maces & Flails
 21008 | Lair:5   | Gained mutation: Your large and strong wings let you fly.
                  | [Gargoyle growth]
 21008 | Lair:5   | Reached XP level 14. HP: 56/88 MP: 22/22
 21011 | Lair:5   | Reached skill level 10 in Shields
 22166 | Lair:6   | Entered Level 6 of the Lair of Beasts
 23629 | Lair:6   | Identified the +9 battleaxe of Tyhoun {pain, rC- Int+4
                  | Dex+4 SInv}
 24711 | Lair:6   | Found a staircase to the Slime Pits.
 24932 | Lair:6   | Reached XP level 15. HP: 95/95 MP: 24/24
 24940 | Lair:6   | Reached skill level 14 in Maces & Flails
 25207 | Lair:6   | Found a runed translucent door.
 25993 | Spider:1 | Entered Level 1 of the Spider Nest
 26447 | Orc:1    | Entered Level 1 of the Orcish Mines
 26670 | Orc:1    | Found Wanat's Book Emporium.
 27233 | Orc:2    | Entered Level 2 of the Orcish Mines
 27455 | Orc:2    | Noticed Erolcha
 27477 | Orc:2    | Killed Erolcha
 27593 | Orc:2    | Found a staircase to the Elven Halls.
 27924 | Orc:2    | HP: 1/96 [orc sorcerer/bolt of fire (17)]
 28975 | Orc:2    | Noticed Snorg
 28987 | Orc:2    | Killed Snorg
 28997 | Orc:2    | Noticed Saint Roka
 29193 | Orc:2    | Killed from afar by Saint Roka

Illustrated notes

Levels and vault maps discovered:
D:1:      nzn_arrival_crosshair, layout_loops_ring,
          shapermc_ecumenical_altar_hornbeckon
D:2:      layout_rooms, minmay_hedge_maze
D:3:      layout_loops_ring, mainiacjoe_overflow_alcove_1, serial_shops, shop,
          gammafunk_ghost_cemetery, minmay_crystal_room, uniq_natasha
D:4:      kennysheep_spiral_hall, layout_loops_ring, kennysheep_doodads,
          uniq_robin, uniq_ijyb
D:5:      layout_basic
D:6:      layout_basic, mainiacjoe_overflow_alcove_2
D:7:      layout_gridville, overflow_temple_1_default, minmay_temple_entry_ruins
D:8:      layout_cave_pools, fiery_altar_vehumet, jmf_multi_god_temple,
          enter_bailey_3
D:9:      statuecave_lemuel, layout_loops_ring, nicolae_sif_muna_condensation,
          lemuel_doored_altar, nicolae_ashenzari_skybound, kennysheep_dice
D:10:     layout_gridville, mainiacjoe_overflow_six_doors_small,
          erik_lair_dragon, erik_orc_3
D:11:     layout_irregular_city
Lair:1:   layout_loops_ring, basic_altar, grunt_megastairs_1,
          infiniplex_staircase_pool
Lair:2:   layout_chaotic_city, serial_rivers, chequers_serial_rivers_micro_b,
          chequers_serial_rivers_small_a, chequers_serial_rivers_marsh,
          chequers_serial_rivers_micro_a, uniq_fannar, uniq_gastronok
Lair:3:   layout_loops_ring, skrybe_swamp_entry_bodies
Lair:4:   layout_long_grid, spider_nest_entry_a, gammafunk_lair_bear_cave,
          grunt_megastairs_4
Lair:5:   layout_regular_city
Lair:6:   wormcave, layout_hall_layers, hangedman_lair_in_review,
          nicolae_slime_entry_slimehenge, uniq_urug
Spider:1: layout_spider_delve, drop_trap, nicolae_spider_webbed_stairs
Orc:1:    layout_caves, serial_shops, shop, shop, shop,
          nicolae_shop_behind_doors, nicolae_lakefront_shop, mines3_lemuel
Orc:2:    st_orc_elflike, layout_caves, uniq_saint_roka, uniq_snorg,
          uniq_erolcha

Skill      XL: |  1  2  3  4  5  6  7  8  9 10 11 12 13 14 15 |
---------------+----------------------------------------------+-----
Maces & Flails | 4 5 7 8 10 11 12 13 14 | 14.3
Invocations    | 1 2 4 5 6 7 9 10 11 12 13 | 13.7
Dodging        | 3 |  3.2
Armour         | 1 2 3 5 6 8 9 11 12 13 | 13.9
Fighting       | 4 5 6 7 8 9 10 11 12 | 12.0
Shields        | 1 2 4 5 6 8 9 11 12 | 12.5
Stealth        | |  2.5
Unarmed Combat | |  0.3

Action                   |  1- 3 |  4- 6 |  7- 9 | 10-12 | 13-15 || total
-------------------------+-------+-------+-------+-------+-------++-------
Melee: Mace              |   125 |    46 |       |       |       ||   171
       Punch             |     1 |       |     4 |    15 |       ||    20
       Whip              |       |   118 |   296 |   858 |   292 ||  1564
       Unarmed           |       |    11 |       |       |       ||    11
       Flail             |       |       |       |       |   794 ||   794
Invok: Elemental Force   |       |       |     1 |     1 |    10 ||    12
       Upheaval          |       |       |       |     1 |     7 ||     8
       Disaster Area     |       |       |       |       |     2 ||     2
  Use: Scroll            |       |     5 |     7 |     3 |     9 ||    24
       Potion            |       |       |     1 |     3 |     5 ||     9
 Stab: Sleeping          |     5 |       |       |       |       ||     5
       Paralysed         |       |       |       |       |     4 ||     4
       Distracted        |       |       |       |       |     2 ||     2
Armor: Robe              |    40 |       |       |       |       ||    40
       Ring mail         |       |    31 |   131 |    65 |       ||   227
       Plate armour      |       |       |       |   292 |   548 ||   840
Dodge: Dodged            |    87 |    94 |   146 |   226 |   217 ||   770
       Repelled          |       |       |       |     2 |       ||     2
Block: Other             |     6 |    27 |    84 |   198 |       ||   315
       Buckler           |       |       |       |    13 |   703 ||   716
